 Dungeon Crawl Stone Soup version 0.18-a0-1718-g40ea4b6 (webtiles) character file.

285 dvd the Shooter (level 6, -1/47 HPs)
             Began as a Centaur Arcane Marksman on Apr 8, 2016.
             Slain by a scorpion (8 damage)
             ... on level 3 of the Dungeon.
             The game lasted 00:14:53 (5222 turns).

dvd the Shooter (Centaur Arcane Marksman)           Turns: 5222, Time: 00:14:54

Health: -1/47      AC:  4    Str: 13    XL:     6   Next: 7%
Magic:  7/7        EV: 10    Int: 12    God:
Gold:   110        SH:  0    Dex: 11    Spells: 2 memorised, 4 levels left

rFire  . . .     SeeInvis .     b - +0 war axe
rCold  . . .     Gourm    .     j - +0 robe
rNeg   . . .     Faith    .     (no shield)
rPois  .         Spirit   .     (no helmet)
rElec  .         Dismiss  .     (no cloak)
rCorr  +         Reflect  .     (no gloves)
SustAt .         Harm     .     (no barding)
MR     .....                    (no amulet)
Stlth  +.........               (no ring)
                                q - ring of resist corrosion

@: lethally poisoned (-1 -> -14), very quick, not resistant to hostile
enchantments, very unstealthy
A: hooves 3, deformed body, speed 2, tough skin 3
a: no special abilities


You were on level 3 of the Dungeon.
You were not hungry.

You visited 1 branch of the dungeon, and saw 4 of its levels.

You collected 110 gold pieces.

Inventory:

Hand Weapons
 a - a +0 shortbow
 b - a +0 war axe (weapon)
 r - a +0 hand axe
 s - a +0 flail
Missiles
 d - 28 arrows
Armour
 j - a +0 robe (worn)
Jewellery
 q - a ring of resist corrosion (left hand)
Wands
 p - a wand of flame (27/48)
 u - a wand of random effects (20/48)
Scrolls
 e - 4 scrolls of identify {unknown}
 g - 2 scrolls of recharging {unknown}
 i - a scroll of immolation {unknown}
 k - 2 scrolls of remove curse {unknown}
 m - a scroll of teleportation {unknown}
 o - a scroll of noise {unknown}
Potions
 h - 2 potions of degeneration {unknown}
 l - a potion of lignification {unknown}
 n - 2 potions of cure mutation {unknown}
 t - a potion of invisibility {unknown}
 w - a potion of flight {unknown}
Books
 c - a book of Debilitation

   Spells                             Type                      Level
   a - Corona                         Hexes                        1
   b - Slow                           Hexes                        2
   c - Gell's Gravitas                Hexes/Translocation          3
   d - Inner Flame                    Hexes/Fire                   3
   e - Cause Fear                     Hexes                        4
   f - Leda's Liquefaction            Hexes/Earth                  4
Comestibles
 f - 2 bread rations
 v - 3 chunks of flesh


   Skills:
 + Level 1.4 Fighting
 + Level 0.5 Axes
 + Level 6.2 Bows
 + Level 2.7 Dodging
 + Level 0.7 Stealth
 + Level 1.1 Spellcasting
 + Level 3.1 Hexes


You had 4 spell levels left.
You knew the following spells:

 Your Spells              Type           Power        Failure   Level  Hunger
a - Corona                Hex            #......      12%         1    ##.....
b - Slow                  Hex            #.......     14%         2    ###....


Dungeon Overview and Level Annotations

Branches:
Dungeon (4/15)
 Temple: D:4-7

Altars:

Annotations:
D:2 Sigmund


Innate Abilities, Weirdness & Mutations

You have hooves in place of feet.
Armour fits poorly on your strangely shaped body.
You cover ground very quickly.
You have extremely tough skin (AC +3).


Message History

You hit the scorpion but do no damage. Your kick misses the scorpion.
The scorpion stings you.
You are poisoned.
The scorpion poisons you! The scorpion closely misses you.
You barely miss the scorpion.
You feel sick. The scorpion stings you.
You barely miss the scorpion.
You kick the scorpion, but do no damage.
You feel sick. The scorpion stings you! The scorpion barely misses you.
You closely miss the scorpion.
You kick the scorpion, but do no damage.
You feel sick. The scorpion stings you.
You closely miss the scorpion.
You feel sick. The scorpion stings you.
* * * LOW HITPOINT WARNING * * *
You hit the scorpion but do no damage. You kick the scorpion.
The scorpion is lightly wounded.
The scorpion stings you.
* * * LOW HITPOINT WARNING * * *
You are lethally poisoned!
The scorpion poisons you! The scorpion stings you!
You die...

♣♣♣♣.♣♣♣♣####.♣♣♣♣♣♣♣.#
..♣♣.♣♣...............#
............(#........#
<............#...######
.......##........#
#......##........#
#......##......#.#
.......##......#s#
#......##......#@###
#..................#
##.######......#.#.#
.#.....#########.#.#
.#####.# #.#.### .# #.#
#.#...# .# #.# #.#.#.#
.#####.# #.#.#.#
.##..#.# #.#.#.#


You could see a scorpion.

Vanquished Creatures
  A hound (D:3)
  An orc priest (D:3)
  An orc wizard (D:3)
  Jessica (D:3)
  Terence (D:3)
  Robin (D:4)
  4 adders
  3 oozes
  3 worms (D:3)
  2 dart slugs
  2 giant geckos (D:1)
  2 orcs (D:3)
  A ball python (D:3)
  3 giant cockroaches
  12 goblins
  13 hobgoblins
  11 kobolds
  A quokka (D:2)
  5 bats
  2 giant newts
  7 rats
  4 bushes (D:3)
  3 plants (D:3)
84 creatures vanquished.

Notes
Turn   | Place    | Note
--------------------------------------------------------------
     0 | D:1      | dvd the Centaur Arcane Marksman began the quest for the Orb.
     0 | D:1      | Reached XP level 1. HP: 16/16 MP: 2/2
   108 | D:1      | Reached skill level 3 in Bows
   119 | D:1      | Reached XP level 2. HP: 2/23 MP: 3/3
   697 | D:1      | Learned a level 2 spell: Slow
  1029 | D:2      | Reached XP level 3. HP: 28/28 MP: 4/4
  1384 | D:2      | Noticed Sigmund
  1426 | D:2      | HP: 1/28 [something/puff of flame (11)]
  2163 | D:2      | Reached skill level 4 in Bows
  2453 | D:3      | Reached XP level 4. HP: 15/35 MP: 5/5
  2988 | D:3      | Noticed Terence
  3009 | D:3      | Killed Terence
  3278 | D:3      | Reached skill level 5 in Bows
  3421 | D:3      | Noticed Jessica
  3438 | D:3      | Killed Jessica
  3438 | D:3      | Reached XP level 5. HP: 37/40 MP: 6/6
  4210 | D:3      | Reached skill level 6 in Bows
  4652 | D:4      | Noticed Robin
  4673 | D:4      | Killed Robin
  4685 | D:3      | Reached XP level 6. HP: 11/47 MP: 7/7
  5222 | D:3      | Slain by a scorpion

Vault maps used:
D:1:      sevenhm_arrival_forest_fort_small_4, solitary_fountain
D:2:      uniq_sigmund
D:3:      first_bread, serial_forest, infiniplex_forest_clump_small,
          infiniplex_forest_corner_1, infiniplex_forest_clump_diagonal,
          infiniplex_forest_split, infiniplex_forest_straight_4,
          infiniplex_forest_zigzag_2, infiniplex_forest_fountain, uniq_jessica,
          uniq_terence
D:4:      serial_shops, shop, fedhas_altar_3, uniq_duvessa, uniq_robin,
          uniq_natasha

Skill      XL: |  1  2  3  4  5 |
---------------+----------------+-----
Bows           | 3 4 5 6 |  6.2
Hexes          | 3 |  3.1
Dodging        | 2 |  2.7
Fighting       | |  1.4
Axes           | |  0.5
Stealth        | |  0.7
Spellcasting   | |  1.1

Action                   |  1- 3 |  4- 6 || total
-------------------------+-------+-------++-------
Melee: Hand axe          |    35 |    29 ||    64
       War axe           |       |   354 ||   354
 Fire: Shortbow          |   116 |    85 ||   201
 Cast: Corona            |     4 |       ||     4
       Slow              |     1 |       ||     1
  Eat: Chunk             |     2 |     6 ||     8
       Beef jerky        |     1 |       ||     1
       Bread ration      |       |     1 ||     1
